 Dungeon Crawl Stone Soup version 0.23-a0-182-g58cdd98 (console) character file.

441 nht the Cudgeler (level 6, 0/47 HPs)
             Began as a Demonspawn Wanderer on Sept 20, 2018.
             Was an Initiate of Ashenzari.
             Succumbed to an orc wizard's poison
             ... on level 4 of the Dungeon.
             The game lasted 00:07:02 (4680 turns).

nht the Cudgeler (Demonspawn Wanderer)              Turns: 4680, Time: 00:07:03

Health: 0/47       AC:  3    Str: 16    XL:     6   Next: 70%
Magic:  6/6        EV: 11    Int: 14    God:    Ashenzari [......]
Gold:   125        SH:  0    Dex: 10    Spells: 5/5 levels left

rFire    + . .     SeeInvis .   a - +0 whip (elec) (curse)
rCold    + . .     Gourm    .   (no shield)
rNeg     . . .     Faith    .   e - +0 robe
rPois    .         Spirit   .   g - +0 helmet
rElec    .         Reflect  .   z - scarf {rC+ rF+}
rCorr    .         Harm     .   (no gloves)
MR       .....                  (no boots)
Stlth    +++.......             (no amulet)
HPRegen  0.15/turn              (no ring)
MPRegen  0.10/turn              (no ring)

@: lethally poisoned (0 -> -5)
A: claws 2, nightstalker 2
a: Curse Item, Renounce Religion


You were on level 4 of the Dungeon.
You worshipped Ashenzari.
Ashenzari was noncommittal.
You were not hungry.

You visited 2 branches of the dungeon, and saw 6 of its levels.

You collected 125 gold pieces.

Inventory:

Hand Weapons
 a - a cursed +0 whip of electrocution (weapon)
 x - a +2 dagger of venom
Missiles
 j - 6 tomahawks
 m - 3 exploding tomahawks (quivered)
 s - a throwing net
 w - 9 poisoned needles
Armour
 e - a +0 robe (worn)
 g - a +0 helmet (worn)
 z - a scarf of resistance (worn)
Wands
 u - a wand of enslavement (19)
 y - a wand of paralysis (13)
Scrolls
 c - a scroll of fear {unknown}
 d - 2 scrolls of teleportation
 t - a scroll of fog
Potions
 b - a potion of brilliance {unknown}
 h - a potion of resistance {unknown}
 i - a potion of cancellation {unknown}
 k - 2 potions of flight
 l - a potion of lignification {unknown}
 n - a potion of degeneration {unknown}
 o - a potion of agility {unknown}
 p - a potion of invisibility {unknown}
 q - a potion of magic
 r - a potion of curing {unknown}
 v - a potion of might {unknown}
Comestibles
 f - 11 rations
 A - 9 chunks of flesh


   Skills:
 - Level 3.0 Fighting
 - Level 3.0 Short Blades
 + Level 5.7 Maces & Flails
 - Level 2.6 Armour
 - Level 1.0 Stealth
 - Level 1.0 Evocations


You had 5 spell levels left.
You didn't know any spells.
Your spell library was empty.

Dungeon Overview and Level Annotations

Branches:
Dungeon (5/15)             Temple (1/1) D:4

Altars:
Ashenzari
Cheibriados
Dithmenos
Fedhas
Gozag
Kikubaaqudgha
Makhleb
Nemelex Xobeh
Okawaru
Qazlal
Ru
Sif Muna
Trog
Uskayaw
Vehumet
Wu Jian
Xom
Yredelemnul

Annotations:
D:5 1 runed door, Amnesiac's ghost, amateur SpTm


Innate Abilities, Weirdness & Mutations

You have very sharp fingernails.
You are significantly more attuned to the shadows.


Message History

The orc shouts!
You feel sick. The howler monkey skeleton hits you.
You hit the howler monkey skeleton but do no damage.
Lightning courses through the howler monkey skeleton!
The howler monkey skeleton is almost destroyed.
You feel sick. The howler monkey skeleton hits you.
* * * LOW HITPOINT WARNING * * *
You hit the howler monkey skeleton.
You destroy the howler monkey skeleton!
You feel sick. The orc closely misses you.
You closely miss the orc. The orc closely misses you.
You hit the orc.
The orc is heavily wounded.
You feel sick.
You closely miss the orc.
The orc is heavily wounded.
The orc hits you with a mace!
* * * LOW HITPOINT WARNING * * *
It was a potion of magic.
Magic courses through your body.
You die...

██..██
█████.████
███........█
............█
██.............
..[............
█.............
█...........
█....@o....
.......█
█..[.......
.......██
█.(........
.........█
██.((......
.........█
█.......██
.........██
██.██████
..........█
█.██
..........█
█..█
..........██
██.█


You could see an orc.

Vanquished Creatures
  An ice beast (D:5)
  A centaur (D:5)
  An orc priest (D:4)
  An iguana (D:5)
  An orc wizard (D:4)
  A worker ant (D:4)
  A worker ant zombie (D:5)
  A howler monkey skeleton (D:4)
  3 adders
  A shadow imp (D:5)
  An ooze (D:1)
  5 worms
  5 dart slugs
  A leopard gecko (D:5)
  6 orcs
  8 bats
  4 giant cockroaches
  9 goblins
  5 hobgoblins
  2 quokkas (D:2)
  3 ball pythons
  4 frilled lizards
  14 kobolds
  10 rats
89 creatures vanquished.

Vanquished Creatures (others)
  A frilled lizard (D:3)
  7 toadstools (D:5)
8 creatures vanquished.

Grand Total: 97 creatures vanquished

Notes
Turn   | Place    | Note
-------+----------+-------------------------------------------
     0 | D:1      | nht the Demonspawn Wanderer began the quest for the Orb.
     0 | D:1      | nht set off with: a +2 mace, a +0 shortbow, 21 arrows, a
                  | scroll of teleportation, a +0 robe, a ration
     0 | D:1      | Reached XP level 1. HP: 18/18 MP: 1/1
    84 | D:1      | Reached skill level 2 in Maces & Flails
   397 | D:1      | Gained mutation: You are slightly more attuned to the
                  | shadows. [demonic ancestry]
   397 | D:1      | Reached XP level 2. HP: 13/24 MP: 2/2
   653 | D:1      | Reached skill level 3 in Maces & Flails
   740 | D:1      | Gained mutation: You are significantly more attuned to the
                  | shadows. [demonic ancestry]
   740 | D:1      | Reached XP level 3. HP: 14/29 MP: 3/3
  1645 | D:2      | Reached skill level 1 in Short Blades
  2046 | D:2      | Gained mutation: You have sharp fingernails. [demonic
                  | ancestry]
  2046 | D:2      | Reached XP level 4. HP: 35/35 MP: 4/4
  3192 | D:4      | Found a staircase to the Ecumenical Temple.
  3199 | Temple   | Entered the Ecumenical Temple
  3434 | Temple   | Became a worshipper of Ashenzari the Shackled
  3605 | D:4      | Gained mutation: You have very sharp fingernails. [demonic
                  | ancestry]
  3605 | D:4      | Reached XP level 5. HP: 34/41 MP: 5/5
  3813 | D:4      | You fall through a shaft!
  3813 | D:5      | Entered Level 5 of the Dungeon
  3813 | D:5      | Noticed a centaur
  3885 | D:5      | Noticed an ice beast
  3905 | D:5      | Killed an ice beast
  3905 | D:5      | Reached skill level 4 in Maces & Flails
  4153 | D:5      | Killed a centaur
  4153 | D:5      | Reached skill level 5 in Maces & Flails
  4153 | D:5      | Reached XP level 6. HP: 18/47 MP: 6/6
  4457 | D:5      | Found a runed door.
  4457 | D:5      | Noticed Amnesiac's ghost (amateur SpTm)
  4679 | D:4      | HP: 1/47 [orc/mace (8)]
  4680 | D:4      | Succumbed to an orc wizard's poison

Vault maps used:
D:1:      minmay_arrival_split_and_join
D:2:      amethyst_killhole
D:4:      minmay_temple_entry_butterflies, gammafunk_ghost_split, first_ration
D:5:      cheibrodos_fertilizer, nicolae_overflow_crystal_walls, minitemple,
          ebering_ghost_sewer_f, serial_shops, shop, kennysheep_generic_room_8
Temple:   dpeg_five_rooms_temple

Skill      XL: |  1  2  3  4  5 |
---------------+----------------+-----
Maces & Flails | 2 3 5 |  5.7
Short Blades   | 1 3 |  3.0
Fighting       | |  3.0
Armour         | |  2.6
Stealth        | |  1.0
Evocations     | |  1.0

Action                   |  1- 3 |  4- 6 || total
-------------------------+-------+-------++-------
Melee: Mace              |   100 |       ||   100
       Short sword       |    42 |    43 ||    85
       Dagger            |       |    16 ||    16
       Whip              |       |    69 ||    69
Invok: Curse Item        |       |     1 ||     1
Evoke: Wand              |       |     4 ||     4
  Use: Scroll            |       |     5 ||     5
       Potion            |       |     1 ||     1
 Stab: Sleeping          |     8 |    11 ||    19
       Paralysed         |       |    15 ||    15
  Eat: Chunk             |     4 |     8 ||    12
Armor: Robe              |    35 |    16 ||    51
Dodge: Dodged            |    86 |    55 ||   141

Table legend:
 A = Non-vault XP
 B = Vault XP
 C = Vault XP percentage of total XP
 D = Non-vault monster count
 E = Vault monster count
 F = Vault count percentage of total count
                 A         B        C        D         E       F
            +---------+---------+-------+---------+---------+-------
      Total |     630 |       0 |   0.0 |      89 |       0 |   0.0
            +---------+---------+-------+---------+---------+-------
        D:1 |      59 |       0 |   0.0 |      31 |       0 |   0.0
        D:2 |      42 |       0 |   0.0 |      21 |       0 |   0.0
        D:3 |      34 |       0 |   0.0 |      16 |       0 |   0.0
        D:4 |     167 |       0 |   0.0 |      13 |       0 |   0.0
        D:5 |     328 |       0 |   0.0 |       8 |       0 |   0.0
            +---------+---------+-------+---------+---------+-------
